 Dungeon Crawl Stone Soup version 0.23.2 (webtiles) character file.

Game seed: 1391245616084886059

74 MartialLaw the Cudgeler (level 4, -2/29 HPs)
             Began as a Gargoyle Monk on Mar 31, 2019.
             Slain by an adder (3 damage)
             ... on level 2 of the Dungeon.
             The game lasted 00:02:58 (1549 turns).

MartialLaw the Cudgeler (Gargoyle Monk)             Turns: 1549, Time: 00:02:59

Health: -2/29      AC:  5    Str: 16    XL:     4   Next: 30%
Magic:  4/4        EV: 13    Int: 10    God:
Gold:   117        SH:  0    Dex: 12    Spells: 3/3 levels left

rFire    . . .     SeeInvis .   a - +0 mace
rCold    . . .     Gourm    .   (no shield)
rNeg     + . .     Faith    .   b - +0 robe
rPois    ∞         Spirit   .   (no helmet)
rElec    +         Reflect  .   (no cloak)
rCorr    .         Harm     .   (no gloves)
MR       .....                  (no boots)
Stlth    ++........             (no amulet)
HPRegen  0.09/turn              (no ring)
MPRegen  0.09/turn              (no ring)

@: no status effects
A: negative energy resistance 1, electricity resistance, unbreathing,
petrification resistance, rot immunity, AC +3
a: no special abilities


You were on level 2 of the Dungeon.
You were not hungry.

You visited 1 branch of the dungeon, and saw 2 of its levels.

You collected 117 gold pieces.

Inventory:

Hand Weapons
 a - a +0 mace (weapon)
Armour
 b - a +0 robe (worn)
Scrolls
 g - a scroll of amnesia {unknown}
 h - a scroll of identify {unknown}
 k - a scroll of teleportation {unknown}
Potions
 d - a potion of berserk rage {unknown}
 e - a potion of lignification {unknown}
 f - a potion of mutation {unknown}
 i - a potion of haste {unknown}
Comestibles
 c - 2 rations
 j - a chunk of flesh


   Skills:
 + Level 3.9 Fighting
 * Level 4.0 Maces & Flails
 + Level 3.0 Dodging
 - Level 2.3 Stealth


You had 3 spell levels left.
You didn't know any spells.
Your spell library was empty.

Dungeon Overview and Level Annotations

Branches:
Dungeon (2/15)

Altars:
Trog


Innate Abilities, Weirdness & Mutations

You are resistant to torment.
Your stone body is resilient. (AC +3)
You are immune to poison.
You resist negative energy. (rN+)
You are resistant to electric shocks. (rElec)
You can survive without breathing.
You are immune to petrification.
You are immune to rotting.


Message History

You completely miss the worm.
The worm is heavily wounded.
The adder bites you but does no damage.
You hit the worm.
The worm is heavily wounded.
The adder bites you. The worm bites you. The adder misses you.
You are too injured to fight recklessly!
You are too injured to fight recklessly!
You are too injured to fight recklessly!
You are too injured to fight recklessly!
You hit the worm.
The worm is severely wounded.
The adder bites you.
* * * LOW HITPOINT WARNING * * *
The worm bites you.
* * * LOW HITPOINT WARNING * * *
You sock the worm!
You kill the worm!
The adder bites you.
You die...

#....#....##...........
.....#.#.#.########..#.#
...........# ##.#.#
......#...# #...#
.......#.##########..#
#.#.#.#.#..............
.......................
##.#.#.#.#############>.
.......@.# ##.
###..#†#S# #. ... .....#
#. . #...#.# ###.
#...... ... #...##. #.
.... .. .######. .....
.. ........ ########


You could see an adder.

Vanquished Creatures
  2 adders (D:2)
  2 oozes
  2 worms (D:2)
  A dart slug (D:1)
  A leopard gecko (D:1)
  5 bats (D:1)
  5 giant cockroaches
  7 goblins
  3 hobgoblins
  4 ball pythons (D:1)
  2 frilled lizards
  A kobold (D:2)
  4 rats
39 creatures vanquished.

Notes
Turn   | Place    | Note
-------+----------+-------------------------------------------
     0 | D:1      | MartialLaw the Gargoyle Monk began the quest for the Orb.
     0 | D:1      | Reached XP level 1. HP: 14/14 MP: 1/1
    88 | D:1      | Reached XP level 2. HP: 14/19 MP: 2/2
   406 | D:1      | Reached XP level 3. HP: 19/23 MP: 3/3
  1385 | D:2      | Found a bloodstained altar of Trog.
  1504 | D:2      | Reached XP level 4. HP: 25/29 MP: 4/4
  1510 | D:2      | Reached skill level 4 in Maces & Flails
  1548 | D:2      | HP: 1/29 [worm (6)]
  1549 | D:2      | Slain by an adder

Skill      XL: |  1  2  3  4 |
---------------+-------------+-----
Maces & Flails | 4 |  4.0
Dodging        | 3 |  3.0
Fighting       | |  3.9
Stealth        | |  2.3

Action                   |  1- 3 |  4- 6 || total
-------------------------+-------+-------++-------
Melee: Mace              |   125 |    12 ||   137
 Stab: Sleeping          |     4 |     1 ||     5
  Eat: Chunk             |     2 |       ||     2
Armor: Robe              |    53 |     3 ||    56
Dodge: Dodged            |   100 |     3 ||   103
